 Dungeon Crawl Stone Soup version 0.29-a0-925-g0a7a3d12f8 (webtiles) character file.

Game seed: 3974122211321862422

2180 IdlyInterested the Chopper (level 9, -1/69 HPs)
             Began as a Demonspawn Fighter on July 29, 2022.
             Slain by a white imp (5 damage)
             ... on level 6 of the Dungeon.
             The game lasted 00:20:32 (7052 turns).

IdlyInterested the Chopper (Demonspawn Fighter)     Turns: 7052, Time: 00:20:32

Health: -1/69      AC:  7    Str: 16    XL:     9   Next: 11%
Magic:  9/9        EV: 13    Int: 11    God:
Gold:   258        SH:  9    Dex: 16    Spells: 8/8 levels left

rFire   + . .      SeeInvis .   a - +1 war axe
rCold   . . .      Faith    .   c - +0 buckler
rNeg    . . .      Spirit   .   r - +1 ring mail {rPois}
rPois   +          Reflect  .   (helmet restricted)
rElec   .          Harm     .   (no cloak)
rCorr   .          Rampage  .   (no gloves)
Will    .....                   e - +0 pair of boots
Stlth   +.........              y - amulet of magic regeneration
HPRegen 0.21/turn               f - ring of wizardry
MPRegen 0.62/turn               t - ring of protection from fire

@: no status effects
A: horns 1, repulsion field 1, magic regeneration, condensation shield
a: no special abilities


You were on level 6 of the Dungeon.
You visited 2 branches of the dungeon, and saw 7 of its levels.
You also visited: Ossuary.

You collected 258 gold pieces.

Inventory:

Hand Weapons
 a - a +1 war axe (weapon)
 q - a +0 morningstar
 v - a +0 hand axe
 z - a +3 hand axe
Armour
 c - a +0 buckler (worn)
 e - a +0 pair of boots (worn)
 r - a +1 ring mail of poison resistance (worn)
Magical Staves
 d - a staff of fire
 s - a staff of air
Jewellery
 f - a ring of wizardry (left hand)
 h - a ring of positive energy
 p - a ring of fire
 t - a ring of protection from fire (right hand)
 u - a ring of poison resistance
 y - an amulet of magic regeneration (around neck)
Wands
 m - a wand of flame (46)
Scrolls
 j - 2 scrolls of blinking
 k - 4 scrolls of identify
 o - a scroll of poison
Potions
 b - 2 potions of mutation
 g - 3 potions of brilliance
 i - 10 potions of curing
 l - 2 potions of heal wounds
 n - a potion of haste
 w - 3 potions of flight


   Skills:
 + Level 6.2 Fighting
 * Level 7.4 Axes
 - Level 3.0 Armour
 - Level 3.0 Dodging
 * Level 5.5 Shields
 - Level 3.0 Evocations


You had 8 spell levels left.
You didn't know any spells.
Your spell library contained the following spells:

 Spells                   Type           Power      Damage    Failure   Level
 Foxfire                  Conj/Fire      0%         2x1d4     32%         1
 Conjure Flame            Conj/Fire      0%         6-21      65%         3
 Ignite Poison            Fire/Tmut/Pois 0%         N/A       65%         3
 Inner Flame              Hex/Fire       0%         N/A       65%         3
 Mephitic Cloud           Conj/Pois/Air  0%         N/A       65%         3
 Flame Wave               Conj/Fire      0%         2d4       96%         4
 Freezing Cloud           Conj/Ice/Air   0%         6-21      100%        5


Dungeon Overview and Level Annotations

Branches:
Dungeon (6/15)             Temple (1/1) D:4         Ossuary (visited)

Altars:
Ashenzari
Dithmenos
Fedhas
Gozag
Kikubaaqudgha
Makhleb
Okawaru
Ru
Trog
Uskayaw
Vehumet
Wu Jian
Xom


Innate Abilities, Weirdness & Mutations

You have a pair of small horns on your head.
You are surrounded by a mild repulsion field. (EV +2)
You regenerate magic rapidly.
A meltable shield of frost defends you. (SH +4)


Message History

The white imp shouts, "Flee, thou villainous idle-headed prigger-of-prances!"
The white imp shouts, "Slither away, thou baffled nut-hook yak-dropping!"
The shadow imp gestures at you.
You struggle to resist.
The white imp puffs mist at you. The white imp gestures at you.
The puff of frost hits you! The white imp gestures at you.
The puff of frost hits you!
You barely miss the shadow imp.
The shadow imp hits you but does no damage.
The white imp gestures at you. The puff of frost misses you.
You completely miss the shadow imp. The shadow imp misses you.
You slash the shadow imp! You headbutt the shadow imp.
You kill the shadow imp!
You closely miss the white imp. You hit the white imp.
The white imp closely misses you. You block the white imp's attack.
You hit the white imp but do no damage. Your headbutt misses the white imp.
The white imp is heavily wounded.
You hit the white imp. You block the white imp's attack.
The white imp gestures at you. The puff of frost hits you!
* * * LOW HITPOINT WARNING * * *
You block the white imp's attack. The white imp barely misses you.
You slash the white imp!
You kill the white imp!
You closely miss the white imp.
The white imp hits you but does no damage.
You closely miss the white imp.
The white imp is heavily wounded.
The white imp gestures at you. The puff of frost hits you.
* * * LOW HITPOINT WARNING * * *
You hit the white imp. Your headbutt misses the white imp.
The white imp is severely wounded.
The white imp hits you.
* * * LOW HITPOINT WARNING * * *
The white imp freezes you.
You die...

'.........+?. ... #..........
#.$.......#. .$......##.!.#.....
##....#....#+##.......##...#!....
.#.#..###....##.......##...#.....
.#.#.......# #.......##.### ....
.#.#..#....+ #.......# .# ####
.#.##.#....####......#
.?......###...#.5....# ##.#.####
#.#.#.@....# #...# #.#........#
##### #.####......# #.# #......#
... #...##... ### #...# .# ##...
# .... .....


You could see a white imp.

Vanquished Creatures
  A wyvern (D:4)
  Edmund (D:5)
  3 black bears
  A phantom (D:6)
  A kobold brigand (D:4)
  8 scorpions
  A howler monkey (D:5)
  3 centaur zombies (Ossuary)
  3 orc priests
  A hound (D:5)
  4 human zombies (Ossuary)
  A jelly (D:4)
  2 gnoll boudas
  2 iguanas (D:5)
  A scorpion zombie (Ossuary)
  3 orc wizards
  Natasha (thrice) (D:4)
  3 mummies (Ossuary)
  7 gnolls
  8 adders
  2 shadow imps (D:6)
  3 white imps (D:6)
  4 dart slugs
  13 orcs
  7 endoplasms
  8 giant cockroaches
  A gnoll zombie (Ossuary)
  9 goblins
  8 hobgoblins
  6 jackals
  24 kobolds
  2 quokkas
  7 ball pythons
  7 bats
  A frilled lizard (D:1)
  A goblin zombie (Ossuary)
  5 hobgoblin zombies (Ossuary)
  3 kobold zombies (Ossuary)
  2 orc zombies (Ossuary)
  6 rats
  A spectral goblin (D:1)
177 creatures vanquished.

Vanquished Creatures (others)
  A kobold (D:4)
  2 demonic plants (D:6)
  30 plants (D:4)
33 creatures vanquished.

Grand Total: 210 creatures vanquished

Notes
Turn   | Place    | Note
-------+----------+-------------------------------------------
     0 | D:1      | IdlyInterested the Demonspawn Fighter began the quest for
                  | the Orb.
     0 | D:1      | Reached XP level 1. HP: 18/18 MP: 1/1
    88 | D:1      | Found a faded altar of an unknown god.
   119 | D:1      | Reached skill level 2 in Axes
   196 | D:1      | Gained mutation: You regenerate magic rapidly. [demonic
                  | ancestry]
   196 | D:1      | Reached XP level 2. HP: 24/24 MP: 2/2
   449 | D:1      | Gained mutation: A meltable shield of frost defends you.
                  | (SH +4) [demonic ancestry]
   449 | D:1      | Reached XP level 3. HP: 27/29 MP: 3/3
  1245 | D:2      | Reached skill level 3 in Axes
  1267 | D:2      | You fall into a shaft and drop 1 floor!
  1424 | D:2      | Found a broken altar of Ashenzari.
  1440 | D:2      | Reached XP level 4. HP: 35/35 MP: 4/4
  1910 | D:3      | Reached skill level 1 in Dodging
  2682 | D:4      | Noticed a kobold brigand
  2682 | D:4      | Noticed Natasha
  2691 | D:4      | Killed a kobold brigand
  2692 | D:4      | Reached skill level 4 in Axes
  2692 | D:4      | Reached XP level 5. HP: 5/42 MP: 5/5
  2695 | D:4      | Killed Natasha
  2700 | D:4      | Noticed a wyvern
  2706 | D:4      | Killed a wyvern
  2707 | D:4      | Reached XP level 6. HP: 17/49 MP: 6/6
  2968 | D:4      | Noticed Natasha
  2977 | D:4      | Killed Natasha
  3064 | D:4      | Found a staircase to the Ecumenical Temple.
  3136 | D:4      | Reached skill level 5 in Axes
  3186 | D:4      | Gained mutation: You have a pair of small horns on your
                  | head. [demonic ancestry]
  3186 | D:4      | Reached XP level 7. HP: 15/55 MP: 7/7
  3204 | Temple   | Entered the Ecumenical Temple
  3798 | D:4      | Noticed Natasha
  3809 | D:4      | Killed Natasha
  4656 | D:5      | Entered Level 5 of the Dungeon
  4705 | D:5      | Found a sand-covered staircase.
  4729 | D:5      | Reached skill level 5 in Fighting
  4729 | D:5      | Reached skill level 1 in Evocations
  4782 | Ossuary  | Entered an ossuary
  4943 | Ossuary  | Reached skill level 6 in Axes
  5233 | Ossuary  | Reached XP level 8. HP: 62/62 MP: 8/8
  5548 | D:5      | Found an ornate altar of the Wu Jian Council.
  5548 | D:5      | Found a blossoming altar of Fedhas.
  6124 | D:5      | Noticed Edmund
  6147 | D:5      | Killed Edmund
  6148 | D:5      | Reached skill level 7 in Axes
  6546 | D:5      | Found a shadowy altar of Dithmenos.
  6630 | D:5      | Reached skill level 5 in Shields
  6950 | D:6      | Gained mutation: You are surrounded by a mild repulsion
                  | field. (EV +2) [demonic ancestry]
  6950 | D:6      | Reached XP level 9. HP: 46/69 MP: 9/9
  7052 | D:6      | Slain by a white imp

Illustrated notes

Levels and vault maps discovered:
D:1:      psy_arrival_fountain, layout_loops_ring,
          dreamdust_ecumenical_altar_drowned_temple
D:2:      layout_loops_ring, basic_altar, corexii_shack
D:3:      layout_rooms, minmay_surrounded
D:4:      kennysheep_kobold_camp, layout_loops_ring, minmay_temple_entry_ruins,
          uniq_natasha
D:5:      layout_gridville, nicolae_dithmenos_shadow_blocks,
          gammafunk_temple_overflow_wave, nicolae_ossuary_entry_false_entrances,
          minivault_19, grunt_decor_cap, uniq_edmund
D:6:      layout_basic, serial_demonic, serial_demonic_f, serial_demonic_g,
          serial_demonic_d, serial_demonic_a, serial_demonic_g,
          serial_demonic_e, serial_demonic_f, portal_sewer_entry_d
Temple:   nicolae_temple_bog_church

Skill      XL: |  1  2  3  4  5  6  7  8 |
---------------+-------------------------+-----
Axes           | 2 3 4 5 6 7 |  7.4
Armour         | 3 |  3.0
Dodging        | 1 2 3 |  3.0
Fighting       | 4 5 6 |  6.2
Evocations     | 1 3 |  3.0
Shields        | 3 5 |  5.5

Action                   |  1- 3 |  4- 6 |  7- 9 || total
-------------------------+-------+-------+-------++-------
Melee: War axe           |   116 |   147 |   280 ||   543
       Headbutt          |       |       |    66 ||    66
  Use: Potion            |       |     3 |     1 ||     4
       Scroll            |       |       |    16 ||    16
Armor: Scale mail        |    62 |    76 |       ||   138
       Chain mail        |       |       |   109 ||   109
       Ring mail         |       |       |    17 ||    17
Dodge: Dodged            |    52 |    83 |    94 ||   229
Block: Buckler           |    50 |    72 |   123 ||   245

Table legend: (Time is in decaauts)
 A = Elapsed time spent in this place.
 B = Non-inter-level travel time spent in this place.
 C = Inter-level travel time spent in this place.
 D = Time resting spent in this place.
 E = Time spent auto-exploring this place.
 F = Levels seen in this place.
 G = Mean time per level.
                   A        B        C        D        E       F      G
               +--------+--------+--------+--------+--------+-----+--------+
         Total |   7233 |   6308 |    925 |    999 |   3540 |   8 |  904.1 |
       Dungeon |   6106 |   5201 |    905 |    606 |   3156 |   6 | 1017.7 |
        Temple |    414 |    394 |     20 |      0 |    383 |   1 |  414.0 |
       Ossuary |    711 |    711 |      0 |    393 |      0 |   1 |  711.0 |
               +--------+--------+--------+--------+--------+-----+--------+

Top non-repeatable levels by time:
     D:4: 1691 daAuts
     D:5: 1423 daAuts
     D:2: 1117 daAuts
     D:1: 1115 daAuts
 Ossuary: 711 daAuts
     D:3: 528 daAuts
  Temple: 414 daAuts
     D:6: 230 daAuts
